 Dungeon Crawl Stone Soup version 0.18-a0-1805-g8ab820f (webtiles) character file.

25 Duffy the Chopper (level 2, 24/24 HPs)
             Began as a Demonspawn Fighter on Apr 25, 2016.
             Quit the game on level 1 of the Dungeon.
             The game lasted 00:00:37 (680 turns).

Duffy the Chopper (Demonspawn Fighter)               Turns: 680, Time: 00:00:38

Health: 24/24      AC:  8    Str: 16    XL:     2   Next: 86%
Magic:  2/2        EV:  6    Int:  9    God:
Gold:   95         SH:  8    Dex: 12    Spells: 0 memorised, 1 level left

rFire  . . .     SeeInvis .     a - +0 war axe
rCold  . . .     Gourm    .     b - +0 scale mail
rNeg   . . .     Faith    .     c - +0 shield
rPois  .         Spirit   .     (no helmet)
rElec  .         Dismiss  .     (no cloak)
rCorr  .         Reflect  .     (no gloves)
SustAt .         Harm     .     (no boots)
MR     .....                    (no amulet)
Stlth  ..........               (no ring)
                                (no ring)

@: not resistant to hostile enchantments, extremely unstealthy
A: yellow scales 1
a: no special abilities


You were on level 1 of the Dungeon.
You were not hungry.

You visited 1 branch of the dungeon, and saw 1 of its levels.

You collected 95 gold pieces.


Innate Abilities, Weirdness & Mutations

You are partially covered in yellow scales (AC +2).


   Skills:
 - Level 3.0 Fighting
 + Level 3.1 Axes
 - Level 2.6 Armour
 - Level 2.6 Shields


You had one spell level left.
You didn't know any spells.

Inventory:

Hand Weapons
 a - a +0 war axe (weapon)
Armour
 b - a +0 scale mail (worn)
 c - a +0 shield (worn)
Scrolls
 g - a scroll of recharging {unknown}
 h - 2 scrolls of teleportation {unknown}
Potions
 d - 2 potions of might
 e - a potion of ambrosia {unknown}
Comestibles
 f - 2 bread rations

Dungeon Overview and Level Annotations

Branches:
Dungeon (1/15)

Altars:


Message History

A bat and an ooze come into view.
The ooze quivers.
You block the bat's attack. The bat hits you but does no damage.
You slash the bat!
You kill the bat!
The ooze hits you but does no damage.
You hit the ooze.
The ooze is moderately wounded.
The ooze hits you but does no damage.
You slash the ooze!
You kill the ooze!
Your Axes skill increases to level 3!
No target in view!
No target in view!
No target in view!
No target in view!
No target in view!
No target in view!
No target in view!
No target in view!
No target in view!
No target in view!
No target in view!
No target in view!
No target in view!
No target in view!
No target in view!
No target in view!
You see here a bat skeleton.
A hobgoblin comes into view. It is wielding a club.
The hobgoblin shouts!
You see here a club.
The hobgoblin hits you but does no damage.
You hit the hobgoblin.
The hobgoblin is severely wounded.
The hobgoblin barely misses you.
You slash the hobgoblin!
You kill the hobgoblin!
No target in view!
No target in view!
No target in view!
No target in view!
No target in view!
No target in view!
No target in view!
No target in view!
No target in view!
No target in view!
Done exploring.
Are you sure you want to abandon this character and quit the game? (Confirm with "yes".)

#. #. ######### ###.
#...(...# ###...
#.......####.....
###.......#.......#
#.......###.#..###.
######.........(....##..
#......@...............#
####........#........###
#................## #
###..............# #
#...##.........####
##...#.#...........
#####~...~####.####...
#~~~~....)~~~~#.......
#~~~.......~~~####...#


There were no monsters in sight!

Action                   || total
-------------------------++-------
Melee: War axe           ||    64
Armor: Scale mail        ||    62
Dodge: Dodged            ||    25
Block: Shield            ||    49

Notes
Turn   | Place    | Note
--------------------------------------------------------------
     0 | D:1      | Duffy the Demonspawn Fighter began the quest for the Orb.
     0 | D:1      | Reached XP level 1. HP: 18/18 MP: 1/1
   161 | D:1      | Reached skill level 2 in Axes
   295 | D:1      | Gained mutation: You are partially covered in yellow scales (AC +2). [demonic ancestry]
   295 | D:1      | Reached XP level 2. HP: 15/24 MP: 2/2
   601 | D:1      | Reached skill level 3 in Axes
   680 | D:1      | Quit the game

Skill      XL: |  1  2 |
---------------+-------+-----
Axes           | 2 3 |  3.1
Fighting       | |  3.0
Armour         | |  2.6
Shields        | |  2.6

Vault maps used:
D:1:      enne_arrival_octagon_isle, serial_bayou_crossing

Vanquished Creatures
  2 oozes
  4 hobgoblins
  6 bats
  A goblin
  2 kobolds
  6 rats
21 creatures vanquished.
